 Dungeon Crawl Stone Soup version 0.31-a0-1104-g3bd3108e02 (webtiles) character file.

Game seed: 14119187893437768904

121424 Gladio the Warrior (level 17, -13/220 HPs)
             Began as a Human Shapeshifter on Nov 30, 2023.
             Was a High Priest of Trog.
             Mangled by a naga
             ... wielding a +1 heavy long sword
              (29 damage)
             ... on level 1 of the Snake Pit on Dec 4, 2023.
             The game lasted 01:08:52 (24502 turns).

Gladio the Warrior (Human Shapeshifter)            Turns: 24502, Time: 01:08:53

Health: -13/220    AC: 20    Str: 21    XL:     17   Next: 39%
Magic:  17/17      EV:  9    Int: 12    God:    Trog [*****.]
Gold:   1967       SH:  0    Dex: 15    Spells: 16/16 levels left

rFire   + .          .
                       - Unarmed
rCold   . . .        (shield currently unavailable)
rNeg    + . .        c - +3 plate armour {rN+}
rPois   +            s - +0 helmet
rElec   .            u - +0 cloak
rCorr   .            (gloves currently unavailable)
SInv    .            S - +0 pair of boots
Will    +....        p - amulet "Wypeisusm" {Faith rF+ Int+2} Stlth
                     A - ring of poison resistance
HPRegen 0.56/turn    V - +4 ring of protection
MPRegen 0.15/turn

%: faith
@: berserking, blade hands, very quick
A: no striking features
a: Begin Untransformation, Renounce Religion, Berserk, Trog's Hand, Brothers in
Arms


You were on level 1 of the Snake Pit.
You worshipped Trog.
Trog was extremely pleased with you.
You had blades for hands.
You visited 5 branches of the dungeon, and saw 24 of its levels.
You also visited: Bailey.

You collected 2516 gold pieces.
You spent 549 gold pieces at shops.

Inventory:

Missiles
 r - 47 boomerangs
 y - 20 poisoned darts (quivered)
 K - a throwing net
Armour
 c - a +3 plate armour of positive energy (worn)
 s - a +0 helmet (worn)
 u - a +0 cloak (worn)
 Q - the +4 ring mail of the Albatross {Rampage +Inv Int-3 Dex+4}
   (You bought it in a shop on level 4 of the Dungeon)

   Int-3:     It affects your intelligence (-3).
   Dex+4:     It affects your dexterity (+4).
   +Inv:      It lets you turn invisible.
   Rampage:   It bestows one free step when moving towards enemies.
 R - a +0 pair of gloves
 S - a +0 pair of boots (worn)
 X - the +18 shield of the Gong {Loud rN+ Will+ rCorr EV-5}
   (You found it on level 5 of the Lair of Beasts)

   Loud:      It is deafeningly noisy when blocking attacks.
   EV-5:      It affects your evasion (-5).
   rN+:       It protects you from negative energy.
   Will+:     It increases your willpower.
   rCorr:     It protects you from acid and corrosion.
Jewellery
 p - the amulet "Wypeisusm" (around neck) {Faith rF+ Int+2}
   (You acquired it in a bailey)

   [amulet of faith]

   Faith:     It allows you to gain divine favour quickly.
   Int+2:     It affects your intelligence (+2).
   rF+:       It protects you from fire.
 x - a +4 ring of slaying
 A - a ring of poison resistance (left blade hand)
 C - a ring of protection from fire
 F - the amulet "Rosozuat" {rC- rN+ Regen+ Str+3 Dex+2}
   (You found it on level 7 of the Dungeon)

   [amulet of regeneration]

   Str+3:     It affects your strength (+3).
   Dex+2:     It affects your dexterity (+2).
   rC-:       It makes you vulnerable to cold.
   rN+:       It protects you from negative energy.
   Regen+:    It increases your rate of health regeneration.
 V - a +4 ring of protection (right blade hand)
 W - a +4 ring of protection
Talismans
 v - a blade talisman (active)
Wands
 l - a wand of digging (7)
 E - a wand of charming (24)
 L - a wand of flame (9)
 P - a wand of light (14)
Scrolls
 d - a scroll of immolation {unknown}
 e - 7 scrolls of noise
 f - 3 scrolls of fear
 k - 2 scrolls of amnesia
 m - 2 scrolls of torment
 o - 16 scrolls of teleportation
 q - 3 scrolls of poison
 t - 2 scrolls of revelation
 B - 4 scrolls of vulnerability
 D - 4 scrolls of fog
 G - 6 scrolls of identify
 I - 5 scrolls of enchant weapon
 M - a scroll of brand weapon
 N - 2 scrolls of enchant armour
 O - a scroll of blinking
Potions
 a - a potion of brilliance
 b - 3 potions of lignification
 g - 2 potions of invisibility
 h - 2 potions of haste
 i - 3 potions of mutation
 j - 2 potions of magic
 n - 5 potions of curing
 z - 3 potions of might
 J - 6 potions of enlightenment
 T - 2 potions of resistance
 U - a potion of ambrosia
 Y - 3 potions of heal wounds


   Skills:
 * Level 17.2 Fighting
 + Level 9.3 Armour
 - Level 7.6 Dodging
 + Level 15.5 Unarmed Combat
 + Level 14.7 Shapeshifting


You had 16 spell levels left.
You didn't know any spells.
Your spell library contained the following spells:

 Spells                   Type           Power      Damage    Failure   Level
 Magic Dart               Conj           0%         1d3       99%         1
 Searing Ray              Conj           0%         2d4       100%        2
 Animate Dead             Necr           0%         N/A       100%        4
 Fulminant Prism          Conj/Hex       0%         3d5       100%        4
 Borgnjor's Vile Clutch   Necr/Erth      0%         N/A       100%        5
 Death Channel            Necr           0%         N/A       100%        6


Dungeon Overview and Level Annotations

Branches:
Dungeon (15/15)            Temple (1/1) D:6            Lair (5/5) D:9
 Shoals (0/4) Lair:2        Snake (1/4) Lair:3        Slime (0/5) Lair:5
    Orc (2/2) D:9             Elf (0/3) Orc:2        Vaults (0/5) D:13
 Depths (0/4) D:15         Bailey (visited)

Altars:
Ashenzari
Cheibriados
Dithmenos
Elyvilon
Fedhas
Gozag
Hepliaklqana
Kikubaaqudgha
Makhleb
Nemelex Xobeh
Okawaru
Qazlal
Ru
Sif Muna
Trog
Uskayaw
Vehumet
Wu Jian
Xom
Yredelemnul
Zin
The Shining One

Shops:
D:4 [   D:5 ?   D:10 *!   D:11 (   D:13 =   D:15 :   Orc:2 [((*

Annotations:
D:12 1 transporter
D:14 3 runed translucent doors
Lair:2 1 runed translucent door, pzskc383's ghost, journeyman GrFi
Orc:1 1 runed translucent door, exclusion: door, Aquy's ghost, journeyman MiFi


Message History

Trog appreciates your killing of a magic user.
The naga warrior blocks your attack.
You feel sick.
You are no longer poisoned.
The naga warrior hits you with a +0 war axe.
The naga warrior constricts you. The naga warrior blocks your attack.
You slash the naga warrior!
The naga warrior is lightly wounded.
The naga hits you but does no damage.
The naga warrior hits you with a +0 war axe!
* * * LOW HITPOINT WARNING * * *
The naga warrior constricts you.
* * * LOW HITPOINT WARNING * * *
You barely miss the naga warrior.
The naga warrior is lightly wounded.
You slice the naga warrior!!
The naga warrior is severely wounded.
The naga hits you with a +0 war axe!!
* * * LOW HITPOINT WARNING * * *
The naga warrior hits you with a +0 war axe!
* * * LOW HITPOINT WARNING * * *
The naga warrior constricts you. The naga warrior blocks your attack.
The naga warrior is heavily wounded.
You shred the naga warrior!!!
You feel the power of Trog in you as your rage grows.
You kill the naga warrior!
Trog accepts your kill. The naga barely misses you. x2
You slice the naga!!
The naga is severely wounded.
You slice the naga!!
You kill the naga!
Trog accepts your kill. The naga spits poison at you.
The splash of poison hits you. You resist.
* * * LOW HITPOINT WARNING * * *
You are too injured to fight recklessly!
The naga hits you with a +1 heavy long sword!!
You die...

.....[## ###..#.#####
#.#...######....#...#
#..#..#.##..#..#.#.##
.....#..##.##.##.##
#...#..##.###.#.######
#..##.###.######.....
#..##.#...#...#.....
##.N#...##..........
##@)(####....).....
##....#....)......
##...............
##..^...........
###)........(..
###..........
##......... ###.......
#.......


You could see a naga (strong, catching breath).

Vanquished Creatures
  Jorgrun (Snake:1)
  A sphinx (D:15)
  Agnes (D:14)
  An orc warlord (Orc:2)
  Azrael (D:12)
  Snorg (D:14)
  Fannar (Lair:2)
  2 vault guards (D:13)
  6 hydras
  An ice dragon (Lair:5)
  3 catoblepae (Lair:5)
  5 centaur warriors
  3 ogre magi
  A death knight (D:14)
  5 boulder beetles
  20 two-headed ogres
  2 tengu warriors (D:14)
  A deep troll earth mage (D:14)
  17 death yaks
  A naga warrior (Snake:1)
  2 orc high priests
  Sonja (Lair:2)
  A skyshark (Lair:2)
  A sixfirhy (D:9)
  2 deep trolls (Orc:1)
  A lindwurm (Lair:2)
  A phantasmal warrior (D:14)
  3 necromancers (D:13)
  An arcanist (D:13)
  3 deep elf pyromancers
  5 orc knights (Orc:2)
  8 ugly things
  6 manticores
  3 orc sorcerers
  8 cyclopes
  2 naga magi (Snake:1)
  4 elephants (Lair:2)
  An orange demon (D:9)
  7 black mambas
  3 kobold blastminers
  16 cane toads
  A smoke demon (D:9)
  3 gargoyles
  An unseen horror (D:11)
  A torpor snail (Lair:5)
  A kobold demonologist (Bailey)
  A yaktaur (D:15)
  3 rime drakes
  12 komodo dragons
  5 tengu conjurers
  2 freezing wraiths (D:14)
  2 polar bears
  15 trolls
  8 dream sheep
  8 slime creatures
  11 blink frogs
  9 wyverns
  A wraith (D:14)
  A yak (shapeshifter) (D:15)
  5 shadows
  A ynoxinul (D:9)
  76 yaks
  5 basilisks
  A vampire (D:12)
  17 humans (D:13)
  3 steam dragons
  A fire elemental (D:12)
  6 vampire mosquitoes
  7 nagas
  A warg (Orc:1)
  3 hell hounds (D:12)
  2 acid dragons
  10 water moccasins
  26 orc warriors
  3 black bears
  4 sky beasts
  4 ice beasts
  8 wolves (Lair:3)
  24 ogres
  9 centaurs
  2 phantoms (D:5)
  A kobold brigand (D:9)
  13 bullfrogs
  A gnoll sergeant (D:7)
  2 scorpions (D:6)
  6 killer bees
  6 electric eels
  5 howler monkeys
  19 orc priests
  A jelly (D:6)
  2 hounds
  2 sleepcaps
  Natasha (thrice) (D:3)
  3 iguanas
  14 orc wizards
  6 hell rats (Lair:5)
  A boggart simulacrum (D:14)
  Robin (D:2)
  10 gnolls
  7 adders
  A shadow imp (D:8)
  4 white imps
  4 ufetubi
  A dart slug (D:2)
  67 orcs
  11 ball pythons
  6 endoplasms
  4 giant cockroaches
  20 goblins
  17 hobgoblins
  4 jackals (D:3)
  5 quokkas
  6 bats
  3 frilled lizards
  6 kobolds
  4 rats
722 creatures vanquished.

Vanquished Creatures (collateral kills)
  A human (D:13)
  An orc warrior (D:13)
2 creatures vanquished.

Vanquished Creatures (others)
  An angel (D:10)
1 creature vanquished.

Grand Total: 725 creatures vanquished

Notes
Turn   | Place    | Note
-------+----------+-------------------------------------------
     0 | D:1      | Gladio the Human Shapeshifter began the quest for the Orb.
     0 | D:1      | Reached XP level 1. HP: 15/15 MP: 1/1
    84 | D:1      | Reached XP level 2. HP: 15/21 MP: 2/2
   659 | D:1      | Reached XP level 3. HP: 19/26 MP: 3/3
  1074 | D:2      | Reached XP level 4. HP: 32/33 MP: 4/4
  1242 | D:2      | Found a radiant altar of Vehumet.
  1259 | D:2      | Reached skill level 2 in Fighting
  1683 | D:3      | Noticed Natasha
  1687 | D:3      | Noticed Robin
  1827 | D:2      | Killed Robin
  1859 | D:3      | Killed Natasha
  1860 | D:3      | Reached XP level 5. HP: 28/39 MP: 5/5
  2166 | D:3      | Noticed Natasha
  2174 | D:3      | Killed Natasha
  2174 | D:3      | Noticed Natasha
  2175 | D:3      | Reached XP level 6. HP: 41/46 MP: 6/6
  2182 | D:3      | Killed Natasha
  2337 | D:3      | Found a snail-covered altar of Cheibriados.
  2815 | D:4      | Reached skill level 3 in Fighting
  2815 | D:4      | Reached skill level 5 in Shapeshifting
  2958 | D:4      | Reached XP level 7. HP: 52/52 MP: 7/7
  2970 | D:4      | Found Meav's Armour Boutique.
  3101 | D:4      | Found a bloodstained altar of Trog.
  3144 | D:4      | Became a worshipper of Trog the Wrathful
  3182 | D:4      | Found a shimmering blue altar of Sif Muna.
  3232 | D:4      | Found a sacrificial altar of Ru.
  3510 | D:4      | Found a glowing golden altar of the Shining One.
  3559 | D:5      | Entered Level 5 of the Dungeon
  3951 | D:5      | Reached * piety under Trog
  4000 | D:5      | Found Tuirum's Magic Scroll Boutique.
  4010 | D:5      | Reached skill level 5 in Unarmed Combat
  4015 | D:5      | Reached skill level 4 in Fighting
  4015 | D:5      | Reached XP level 8. HP: 20/60 MP: 8/8
  4189 | D:5      | Bought a scroll of identify for 28 gold pieces
  4189 | D:5      | Bought a scroll of identify for 28 gold pieces
  4303 | D:5      | Found a shadowy altar of Dithmenos.
  4978 | D:6      | Found a staircase to the Ecumenical Temple.
  4991 | Temple   | Entered the Ecumenical Temple
  5023 | D:6      | Found an iron altar of Okawaru.
  5034 | D:6      | Reached skill level 5 in Fighting
  5093 | D:6      | Reached XP level 9. HP: 38/68 MP: 9/9
  5905 | D:7      | Reached ** piety under Trog
  5922 | D:7      | Found an ancient bone altar of Kikubaaqudgha.
  5931 | D:7      | Reached skill level 6 in Fighting
  5937 | D:7      | Identified the amulet "Rosozuat" {rC- rN+ Regen+ Str+3
                  | Dex+2}
  5983 | D:7      | Found a flagged portal.
  6017 | Bailey   | Entered a bailey
  6236 | Bailey   | Noticed an orc high priest
  6248 | Bailey   | Noticed a soul eater
  6248 | Bailey   | Killed an orc high priest
  6249 | Bailey   | Reached XP level 10. HP: 77/77 MP: 10/10
  6265 | Bailey   | Found an iron altar of Okawaru.
  6265 | Bailey   | Noticed a kobold demonologist
  6279 | Bailey   | Killed a kobold demonologist
  6280 | Bailey   | Reached skill level 7 in Fighting
  7458 | D:8      | Found an opulent altar of Gozag.
  7511 | D:8      | Noticed a two-headed ogre
  7520 | D:8      | Killed a two-headed ogre
  7521 | D:8      | Reached skill level 10 in Unarmed Combat
  7567 | D:8      | Found a burning altar of Makhleb.
  7671 | D:8      | Upgraded the game from 0.31-a0-1098-g6898e6545c to
                  | 0.31-a0-1104-g3bd3108e02
  7743 | D:7      | Reached XP level 11. HP: 73/86 MP: 11/11
  7761 | D:7      | Reached *** piety under Trog
  7762 | D:7      | Reached skill level 1 in Armour
  7815 | D:8      | Reached skill level 8 in Fighting
  8005 | D:9      | Noticed a sixfirhy
  8015 | D:9      | Killed a sixfirhy
  8235 | D:9      | Found a staircase to the Lair.
  8352 | D:9      | Found a staircase to the Orcish Mines.
  8485 | D:9      | Reached skill level 10 in Shapeshifting
  8564 | D:9      | Found a hazy altar of Hepliaklqana.
  8576 | D:9      | Found a radiant altar of Vehumet.
  8609 | D:9      | Found an ornate altar of the Wu Jian Council.
  8647 | D:9      | Noticed a centaur warrior
  8655 | D:9      | Killed a centaur warrior
  8656 | D:9      | Reached skill level 9 in Fighting
  8844 | D:10     | Entered Level 10 of the Dungeon
  8951 | D:10     | Noticed a two-headed ogre
  8961 | D:10     | Killed a two-headed ogre
  8962 | D:10     | Reached XP level 12. HP: 33/95 MP: 12/12
  9031 | D:10     | Found a shimmering altar of Xom.
  9034 | D:10     | Noticed an angel
  9041 | D:10     | Found a glowing silver altar of Zin.
  9108 | D:10     | Found Sufrurcha's Mayhem Merchandise.
  9160 | D:10     | Found Diff's Distillery.
  9167 | D:10     | Bought a potion of might for 52 gold pieces
  9340 | D:10     | Killed an angel
  9899 | D:4      | Bought the +4 ring mail of the Albatross {Rampage +Inv
                  | Int-3 Dex+4} for 441 gold pieces
 10054 | Lair:1   | Entered Level 1 of the Lair of Beasts
 10224 | D:9      | Reached **** piety under Trog
 10350 | Lair:1   | Identified the +2 short sword of the Holding Gods {heavy,
                  | rElec rPois}
 10445 | Lair:1   | Noticed a boulder beetle
 10459 | Lair:1   | Killed a boulder beetle
 10460 | Lair:1   | Reached skill level 10 in Fighting
 10916 | Lair:1   | Reached skill level 5 in Dodging
 10965 | Lair:1   | Reached XP level 13. HP: 103/105 MP: 13/13
 10993 | Lair:1   | Reached skill level 11 in Fighting
 11253 | Lair:2   | Found a dark tunnel.
 11269 | Lair:2   | Noticed a six-headed hydra
 11275 | Lair:2   | Killed a six-headed hydra
 11307 | Lair:2   | Found a staircase to the Shoals.
 11374 | Lair:2   | Identified the +0 leather armour of the Cooper {*Corrode
                  | rElec Str+6}
 11398 | Lair:2   | Noticed Sonja
 11402 | Lair:2   | Killed Sonja
 11451 | Lair:2   | Noticed Fannar
 11461 | Lair:2   | Killed Fannar
 11514 | Lair:2   | Reached ***** piety under Trog
 11525 | Lair:2   | Found a runed translucent door.
 11857 | Lair:2   | Received a gift from Trog
 11871 | Lair:2   | HP: 5/107 [komodo dragon (21)]
 12037 | Lair:2   | Noticed pzskc383's ghost (journeyman GrFi)
 12201 | Lair:2   | Reached skill level 12 in Fighting
 12360 | Lair:2   | Reached XP level 14. HP: 116/116 MP: 14/14
 12382 | Lair:2   | Identified the staff "Jiotek Wuol" {rC+ rN+ Stlth+ Necro}
 13090 | Lair:3   | Found a staircase to the Snake Pit.
 13300 | Lair:3   | Reached skill level 13 in Fighting
 13849 | Lair:4   | Reached skill level 5 in Armour
 14346 | Lair:5   | Entered Level 5 of the Lair of Beasts
 14712 | Lair:5   | Found the +18 shield of the Gong {Loud rN+ Will+ rCorr
                  | EV-5}
 15078 | Lair:5   | Found a staircase to the Slime Pits.
 15085 | Lair:5   | Reached skill level 14 in Fighting
 15085 | Lair:5   | Reached XP level 15. HP: 88/126 MP: 15/15
 15305 | Lair:5   | Received a gift from Trog
 16186 | D:11     | Found Vyrus's Weapon Shoppe.
 16459 | D:12     | Noticed Azrael
 16467 | D:12     | Reached skill level 15 in Fighting
 16471 | D:12     | Killed Azrael
 16907 | D:12     | Found a transporter.
 17244 | Orc:1    | Entered Level 1 of the Orcish Mines
 17375 | Orc:1    | Received a gift from Trog
 17581 | Orc:1    | Found a runed translucent door.
 17581 | Orc:1    | Noticed Aquy's ghost (journeyman MiFi)
 17785 | Orc:2    | Entered Level 2 of the Orcish Mines
 18285 | Orc:2    | Reached XP level 16. HP: 135/136 MP: 16/16
 18328 | Orc:2    | Found Dutemeus's Weapon Shop.
 18333 | Orc:2    | Found Puaruliaw's Armour Emporium.
 18338 | Orc:2    | Found Ynelith's General Store.
 18339 | Orc:2    | Found Yteutt's Antique Weapon Boutique.
 18352 | Orc:2    | Found a staircase to the Elven Halls.
 19464 | Orc:2    | Received a gift from Trog
 20179 | D:13     | Reached skill level 16 in Fighting
 20524 | D:13     | Identified the +5 rapier "Ziluhid" {protect, Will+ Dex+5}
 20590 | D:13     | Found Biloc's Jewellery Boutique.
 20636 | D:13     | Reached skill level 15 in Unarmed Combat
 20703 | D:13     | Found a gate to the Vaults.
 21015 | D:14     | Noticed Snorg
 21023 | D:14     | Killed Snorg
 21569 | D:14     | Received a gift from Trog
 21690 | D:14     | Found a runed translucent door.
 21692 | D:14     | Found a runed translucent door.
 21914 | D:14     | Noticed Agnes
 21924 | D:14     | Killed Agnes
 22148 | D:14     | Found a runed translucent door.
 22197 | D:15     | Entered Level 15 of the Dungeon
 22266 | D:15     | Reached XP level 17. HP: 146/146 MP: 17/17
 22331 | D:15     | Found Idosch's Book Shoppe.
 23347 | D:15     | Acquired the amulet "Wypeisusm" {Faith rF+ Int+2}
 23392 | D:15     | Noticed a sphinx
 23398 | D:15     | Killed a sphinx
 23399 | D:15     | Reached skill level 17 in Fighting
 23844 | D:15     | Found a staircase to the Depths.
 24182 | Snake:1  | Entered Level 1 of the Snake Pit
 24465 | Snake:1  | Noticed Jorgrun
 24492 | Snake:1  | Killed Jorgrun
 24502 | Snake:1  | Mangled by a naga

Illustrated notes

Levels and vault maps discovered:
D:1:      eino_arrival_tree_alley, layout_basic
D:2:      layout_basic, basic_altar, kennysheep_generic_room_16
D:3:      layout_basic, cheibriados_altar_1, serial_glass, glass_columns_c,
          glass_columns_c, glass_columns_a, glass_columns_a, glass_columns_b,
          glass_columns_b, hangedman_decor_points, uniq_robin, uniq_natasha
D:4:      layout_cave_pools, nicolae_ru_sacrificial_ziggurat, tso_oasis_becter,
          lightli_temple_of_fire, lemuel_round_altar, serial_shops,
          nicolae_shop_gibbet_a_chance
D:5:      layout_rooms, marbit_many_paths, serial_corexii_hall,
          chequers_hall_statues_y, chequers_hall_statues_y, serial_shops,
          nicolae_shop_tiny_glass, serial_bayou_lake_a
D:6:      layout_basic, okawaru_gym_becter, minmay_temple_entry_butterflies,
          grunt_ministairs_8, minmay_fountain_box
D:7:      layout_loops_cross, kiku_gazebo_pond_becter, enter_bailey_4,
          roderic_roman_lattice, glass_columns_b, hangedman_decor_opposing
D:8:      layout_rooms, mainiacjoe_overflow_brackets, lemuel_crystal_altar
D:9:      layout_gridville, nzn_wu_jian_contemplation,
          amethyst_overflow_temple_binary, david_lair_shrubbed, orc_0_dummy,
          serial_demonic, serial_demonic_b, serial_demonic_d, serial_demonic_b,
          serial_demonic_f
D:10:     layout_gridville, grunt_temple_overflow_order_and_chaos_1,
          serial_shops, shop, minmay_shop_mayhem, serial_bayou_pond_b
D:11:     layout_cave_pools, serial_shops, shop
D:12:     layout_loops_ring, nicolae_diode_basic, uniq_azrael
D:13:     layout_loops_cross, grunt_vaults_entry_tiered, serial_shops,
          nicolae_lakefront_shop
D:14:     layout_stronghold, mikee_hates_you, uniq_snorg, uniq_agnes
D:15:     hellmonk_depths_entry_around_the_bend, layout_layer_cave,
          hangedman_abyss_or_decor_stabs, serial_shops,
          nicolae_book_shop_shelving
Temple:   nicolae_temple_great_sept
Lair:1:   layout_cave_pods, serial_bayou_pond_d, lemuel_fruit_fields,
          lemuel_fruit_tree, lemuel_fruit_fields, infiniplex_staircase_pool,
          serial_bayou_shore_a
Lair:2:   nzn_winding_woodlands_large [nzn_winding_woodlands_5x5_checkerboard,
          nzn_winding_woodlands_5x15_crooked, nzn_winding_woodlands_hourglass,
          nzn_winding_woodlands_center_garden,
          nzn_winding_woodlands_15x15_killbox,
          nzn_winding_woodlands_center_triple_pond,
          nzn_winding_woodlands_5x5_closed_star,
          nzn_winding_woodlands_5x15_sidewinder,
          nzn_winding_woodlands_5x5_perimeter], layout_regular_city,
          elwin_shoals_entry_rocks, enter_volcano_2,
          ebering_ghost_reflecting_pool, uniq_fannar, uniq_sonja
Lair:3:   layout_layer_cave, minmay_snake_entry_guardpost_small
Lair:4:   layout_hall_layers
Lair:5:   evilmike_catoblepas_cave, layout_long_grid, slime_entry_1,
          bobbens_ice_dragon_lair
Snake:1:  layout_onion_interference, uniq_jorgrun
Orc:1:    layout_caves, gammafunk_ghost_grave, minmay_orc_temple_b
Orc:2:    st_orc_open, layout_caves, lightli_church_of_beogh

Skill      XL: |  1  2  3  4  5  6  7  8  9 10 11 12 13 14 15 16 17 |
---------------+----------------------------------------------------+-----
Fighting       | 2 3 4 5 6 7 9 10 12 14 15 16 17 | 17.2
Shapeshifting  | 4 5 6 7 8 9 10 11 12 13 14 | 14.7
Unarmed Combat | 4 5 6 8 10 11 12 13 14 15 | 15.5
Armour         | 2 3 6 7 8 9 |  9.3
Dodging        | 3 5 6 7 |  7.6

Action                     |  1- 3 |  4- 6 |  7- 9 | 10-12 | 13-15 | 16-18 || total
---------------------------+-------+-------+-------+-------+-------+-------++-------
  Melee: Unarmed           |    82 |   185 |   268 |   436 |   684 |   443 ||  2098
         Punch             |       |     4 |     7 |     8 |    66 |    34 ||   119
  Throw: Boomerang         |       |     7 |       |       |       |       ||     7
         Dart              |       |       |     5 |       |       |       ||     5
 Invoke: Berserk           |       |       |     3 |     1 |     7 |     6 ||    17
         Trog's Hand       |       |       |     1 |       |     1 |       ||     2
         Brothers in Arms  |       |       |       |       |       |     1 ||     1
  Evoke: Wand              |       |       |       |     2 |     2 |     1 ||     5
    Use: Scroll            |       |       |    11 |     9 |    11 |     4 ||    35
         Potion            |       |       |     4 |     3 |     2 |       ||     9
   Stab: Sleeping          |     1 |       |       |       |       |       ||     1
         Invisible         |       |       |     4 |     2 |       |     2 ||     8
         Distracted        |       |       |       |       |     1 |       ||     1
 Armour: Animal skin       |     8 |       |       |       |       |       ||     8
         Chain mail        |    39 |   151 |   205 |       |       |       ||   395
         Plate armour      |       |       |     5 |   332 |       |   356 ||   693
         Skin              |       |       |       |     7 |       |       ||     7
         Ring mail         |       |       |       |    63 |   564 |    91 ||   718
  Dodge: Dodged            |    28 |    98 |   130 |   157 |   457 |   212 ||  1082
   Form: Flux              |       |       |     1 |       |       |       ||     1
         Blade             |       |       |       |     1 |       |       ||     1

Table legend: (Time is in decaauts)
 A = Elapsed time spent in this place.
 B = Non-inter-level travel time spent in this place.
 C = Inter-level travel time spent in this place.
 D = Time resting spent in this place.
 E = Time spent auto-exploring this place.
 F = Levels seen in this place.
 G = Mean time per level.
                   A        B        C        D        E       F      G
               +--------+--------+--------+--------+--------+-----+--------+
         Total |  24365 |  22235 |   2130 |    196 |  17571 |  25 |  974.6 |
       Dungeon |  15263 |  13868 |   1395 |     44 |  11300 |  15 | 1017.5 |
        Temple |      1 |      1 |      0 |      0 |      0 |   1 |    1.0 |
          Lair |   5451 |   4978 |    473 |     84 |   3944 |   5 | 1090.2 |
     Snake Pit |    310 |    310 |      0 |      0 |    252 |   1 |  310.0 |
  Orcish Mines |   2513 |   2252 |    261 |      0 |   1554 |   2 | 1256.5 |
        Bailey |    825 |    825 |      0 |     68 |    521 |   1 |  825.0 |
               +--------+--------+--------+--------+--------+-----+--------+

Top non-repeatable levels by time:
    D:15: 1591 daAuts
     D:9: 1468 daAuts
    D:14: 1407 daAuts
  Lair:2: 1356 daAuts
  Lair:3: 1334 daAuts
   Orc:2: 1318 daAuts
   Orc:1: 1195 daAuts
  Lair:5: 1178 daAuts
     D:5: 1164 daAuts
     D:6: 1086 daAuts
    D:13: 1057 daAuts
    D:10: 1037 daAuts
     D:7: 1010 daAuts
     D:3: 994 daAuts
     D:2: 903 daAuts
